 Dungeon Crawl Stone Soup version 0.16-a0-3781-g2316936 (webtiles) character file.

892 PolkaDot the Insei (level 7, -3/62 HPs)
             Began as a Purple Draconian Monk on Jan 25, 2015.
             Shot with an arrow by a centaur (16 damage)
             ... on level 7 of the Dungeon.
             The game lasted 00:11:52 (4288 turns).

PolkaDot the Insei (Purple Draconian Monk)          Turns: 4288, Time: 00:11:52

Health: -3/62      AC: 10    Str: 13    XL:     7   Next: 78%
Magic:  0/7        EV: 14    Int: 12    God:
Gold:   168        SH:  0    Dex: 14    Spells: 0 memorised, 6 levels left

rFire  . . .     SeeInvis .       - Unarmed
rCold  . . .     Clarity  .     (armour unavailable)
rNeg   . . .     SustAb   .     (no shield)
rPois  .         Gourm    .     (helmet restricted)
rElec  .         Spirit   +     (no cloak)
rCorr  .         Warding  .     c - +0 pair of gloves (curse)
rMut   .         Stasis   .     v - +2 pair of boots {run}
MR     +....                    l - amulet of guardian spirit
Stlth  ++........               (no ring)
                                (no ring)

@: quick, somewhat resistant to hostile enchantments, unstealthy
A: breathe power, unfitting armour, talons 1, cold-blooded, AC +6
a: Breathe Dispelling Energy


You were on level 7 of the Dungeon.
You were not hungry.

You visited 1 branch of the dungeon, and saw 7 of its levels.

You collected 206 gold pieces.
You spent 38 gold pieces at shops.

Inventory:

Armour
 c - a cursed +0 pair of gloves (worn)
 v - a +2 pair of boots of running (worn)
Jewellery
 e - an uncursed amulet of rage
 l - an amulet of guardian spirit (around neck)
Magical devices
 u - a wand of polymorph (5)
Scrolls
 a - a scroll of remove curse {unknown}
 d - a scroll of enchant armour {unknown}
 g - 2 scrolls of teleportation
 n - a scroll of immolation {unknown}
 y - a scroll of enchant weapon {unknown}
Potions
 f - a potion of magic
 j - a potion of brilliance
 x - a potion of degeneration {unknown}
 z - a potion of poison {!q}
Comestibles
 b - a bread ration
 p - 3 meat rations
 t - 2 slices of pizza


   Skills:
 + Level 5.7 Fighting
 + Level 5.1 Dodging
 - Level 1.7 Stealth
 * Level 7.3 Unarmed Combat


You had 6 spell levels left.
You didn't know any spells.

Dungeon Overview and Level Annotations

Branches:
Dungeon (7/15)
 Temple: D:4-7

Altars:
Trog

Shops:
D:6 *


Innate Abilities, Weirdness & Mutations

You can breathe bolts of energy.
You can dispel enchantments when you breathe energy.
Your rich purple scales are hard (AC +6).
Your body does not fit into most forms of armour.
Your cold-blooded metabolism reacts poorly to cold.
You have sharp toenails.


Message History

Okay, then.
Read which item? (? for menu, Esc to quit)
Okay, then.
You hear a distant slurping noise.
The kobold shouts!
A goblin comes into view. It is wielding a dagger.
Put on which piece of jewellery? (? for menu, Esc to quit)
e - an amulet of rage (around neck) Put on which piece of jewellery? (? for menu, Esc to quit)
You remove your amulet of rage.
* * * LOW MAGIC WARNING * * *
You feel your power drawn to a protective spirit.
l - an amulet of guardian spirit (around neck)
The centaur shoots an arrow.
The arrow hits you.
* * * LOW HITPOINT WARNING * * *
The centaur shoots an arrow.
The arrow barely misses you.
You see here an arrow.
The centaur shoots an arrow.
The arrow misses you.
The centaur shoots an arrow.
The arrow hits you!
You die...

##.o...# ......
####...b.## ......
#....J.J## .8...8
#....##o#o## ##8##
..### #.#.c# ## .
#.##.# #o##.#
#.##.### .
....###o#..@.#....#
..........t.......#
.................#
##.###.g...........
# #....(......#.
#.........###
..........##
##.......##
#........


You could see a crocodile, a centaur, a jelly, an orc and a goblin.

Vanquished Creatures
  Menkaure (D:6)
  The ghost of wojtek the Cutter, an average KoAs (D:3)
  A spider (D:6)
  A sky beast (D:6)
  2 giant frogs (D:6)
  A gnoll sergeant (D:7)
  A hound (D:4)
  A worker ant (D:4)
  5 adders
  5 gnolls (D:7)
  2 giant mites (D:3)
  5 worms
  An adder skeleton (D:4)
  3 giant geckos
  8 orcs
  A ball python (D:1)
  7 bats
  7 giant cockroaches
  8 goblins
  7 hobgoblins
  2 oozes (D:2)
  A quokka (D:2)
  7 giant newts
  9 jackals
  11 kobolds
  7 rats
105 creatures vanquished.

Notes
Turn   | Place    | Note
--------------------------------------------------------------
     0 | D:1      | PolkaDot, the Draconian Monk, began the quest for the Orb.
     0 | D:1      | Reached XP level 1. HP: 19/19 MP: 1/1
   175 | D:1      | Reached XP level 2. HP: 19/26 MP: 2/2
  1033 | D:2      | Reached XP level 3. HP: 23/31 MP: 3/3
  1664 | D:2      | Reached XP level 4. HP: 18/40 MP: 4/4
  1904 | D:2      | Reached skill level 5 in Unarmed Combat
  2768 | D:3      | Reached XP level 5. HP: 44/46 MP: 5/5
  2862 | D:3      | Identified a +2 pair of boots of running (You found it on level 3 of the Dungeon)
  2927 | D:3      | Noticed wojtek's ghost (average KoAs)
  2946 | D:3      | Killed wojtek's ghost
  2946 | D:3      | Reached XP level 6. HP: 51/53 MP: 6/6
  3553 | D:4      | Reached skill level 6 in Unarmed Combat
  3677 | D:5      | Entered Level 5 of the Dungeon
  3683 | D:5      | Gained mutation: You have sharp toenails. [potion of beneficial mutation]
  3771 | D:6      | Reached skill level 5 in Fighting
  3771 | D:6      | Your scales start taking on a rich purple colour.
  3771 | D:6      | Reached XP level 7. HP: 41/61 MP: 7/7
  3876 | D:6      | Found Immucuz's General Store.
  3880 | D:6      | Bought a scroll of magic mapping for 38 gold pieces
  3900 | D:6      | Noticed Menkaure
  3924 | D:6      | Killed Menkaure
  3924 | D:6      | Reached skill level 7 in Unarmed Combat
  3959 | D:7      | Reached skill level 5 in Dodging
  4056 | D:7      | Found a bloodstained altar of Trog.
  4288 | D:7      | Shot with an arrow by a centaur

Action                   |  1- 3 |  4- 6 |  7- 9 || total
-------------------------+-------+-------+-------++-------
Melee: Unarmed           |   200 |   222 |    39 ||   461
 Abil: Breathe Dispellin |       |       |     1 ||     1
Evoke: Wand              |       |     5 |       ||     5
  Use: Potion            |     3 |     4 |    12 ||    19
       Scroll            |       |     6 |     1 ||     7
 Stab: Sleeping          |     2 |     5 |     1 ||     8
  Eat: Chunk             |     2 |     7 |     3 ||    12
